Unix NetHack Version 5.0.0-0 post-release - last build May 10 2026 23:12:36 (d1fa5d53e341ca933230fdaa984d921c805b60aa,branch:main).

Game began 2026-05-11 03:41:34, ended 2026-05-11 19:12:54.

Eesui, chaotic male human Rogue

                                                                ------
                                                               #+...<.#
                                                               #|@..^|#
                                                              ##|....|#
                 0##########      -----              #        # ------#
                 #---------######@.....             -.------  #       #
                 #|.......|  ###  |....  ...| #%%###-.....>.###      ##
                 #|.......|##     |.......[%[%)     |......|        ##
          e      #|........#      |...O....[|       |.@....|##########
                ##-.......|       -----------       |.@....|#      #-.------
                ##---------                         --------#      #...`...|
                              ####################[##########       |......|
                                                                    |......|
                                                                    |......|
                                                                    --------

Eesui the Pilferer      St:13 Dx:17 Co:17 In:10 Wi:13 Ch:10  Chaotic
Dlvl:19 $:0  HP:0(89) Pw:46(46) AC:-1 Xp:11/13016 T:22121  Satiated Blind

Latest messages:
 The nurse hits!  (I hope you don't mind.)
 What do you want to use or apply? [ad-gijoprwxABDHORW or ?*]
 You put 474 gold pieces into the bag called BoH.
 You put a scroll called 100 xi into the bag called BoH.
 You put a scroll called 100 xor into the bag called BoH.
 You put a gold ring into the bag called BoH.
 You put 4 violet gems into the bag called BoH.
 You put 3 white gems into the bag called BoH.
 You put 4 yellow gems into the bag called BoH.
 The nurse hits!  (I hope you don't mind.)
 The nurse hits!  (I hope you don't mind.)
 The nurse hits!  (I hope you don't mind.)
 The nurse hits!  (I hope you don't mind.)
 What do you want to read? [*]
 Never mind.
 What do you want to remove? [gKY or ?*]
 You were wearing an uncursed ring called slow digestion (on left hand).
 The nurse hits!  (I hope you don't mind.)
 The nurse hits!  (I hope you don't mind.)
 The nurse vanishes and reappears farther away.
 Pick a monster, object or location.
 O        an ogre (peaceful ogre lady) [seen: telepathy]
 Are you waiting to get hit?  Use 'm' prefix to force a no-op (to rest).
 Pick a monster, object or location.
 @        a human or elf (lieutenant) [seen: telepathy]
 In what direction?
 The dagger hits the lieutenant!
 The lieutenant hits!
 The lieutenant hits again!
 In what direction?
 You throw 4 daggers.
 The 1st dagger hits the lieutenant!
 The 2nd dagger hits the lieutenant!
 The 3rd dagger hits the lieutenant!
 The 4th dagger hits the lieutenant!
 Your movements are now unencumbered.
 The lieutenant hits!
 The lieutenant hits again!
 What do you want to zap? [adoprwADORW or ?*]
 Never mind.
 What do you want to wear? [chqFP or ?*]
 The lieutenant hits!
 The lieutenant hits again!
 The lieutenant hits!
 The lieutenant hits again!
 The lieutenant hits!
 You die...
 Do you want your possessions identified? [ynq] (y)
 Do you want to see your attributes? [ynq] (y)
 Do you want an account of creatures vanquished? [ynaq] (y)

Inventory:
 Weapons  (')')
  M - a blessed +4 dagger
  U - 15 +4 daggers (at the ready)
  k - the blessed rustproof +1 Stormbringer
  u - the +1 Werebane
 Armor    ('[')
  c - an uncursed rusty +5 dwarvish iron helm
  q - an uncursed rusty +0 pair of gauntlets of power
  F - an uncursed very burnt +0 pair of speed boots
  P - an uncursed burnt +0 cloak of magic resistance
  h - a blessed rotproof +2 silver dragon scale mail (being donned)
 Comestibles  ('%')
  y - an uncursed sprig of wolfsbane
  v - an uncursed homemade tin of giant meat
  L - an uncursed lizard corpse
 Rings    ('=')
  V - an uncursed ring of conflict
  Y - an uncursed ring of free action (on right hand)
  m - an uncursed ring of invisibility
  z - an uncursed ring of regeneration
  K - an uncursed ring of slow digestion
 Wands    ('/')
  r - a wand of digging (0:7)
  w - a wand of digging (0:3)
  a - a wand of enlightenment (0:3)
  d - a wand of lightning (0:4)
  A - a wand of lightning (0:1)
  o - a wand of magic missile (0:5)
  D - a wand of make invisible (0:6)
  W - a wand of secret door detection (0:14)
  p - a wand of slow monster (0:5)
  O - a wand of striking (0:4)
  R - a wand of teleportation (0:6)
 Tools    ('(')
  f - a blessed bag of holding containing 43 items
  B - an empty uncursed sack
  g - an uncursed blindfold (being worn)
  e - an uncursed lock pick
  x - an uncursed magic whistle
  i - an uncursed skeleton key
  j - a +0 unicorn horn
 Gems/Stones  ('*')
  H - an uncursed luckstone named uncursed

Contents of the bag of holding:
  848 gold pieces
  2 uncursed slime molds
  an uncursed C-ration
  an uncursed candy bar labeled "The Small Bar"
  an uncursed cream pie
  11 uncursed food rations
  4 uncursed fortune cookies
  2 uncursed lumps of royal jelly
  an uncursed pancake
  3 uncursed tripe rations
  an uncursed tin of ape meat
  an uncursed tin of elf meat
  3 uncursed tins of fire giant meat
  an uncursed tin of rock piercer meat
  2 uncursed lizard corpses
  an uncursed scroll of confuse monster
  an uncursed scroll of identify
  2 uncursed scrolls of remove curse
  an uncursed scroll of scare monster
  4 blessed scrolls of teleportation
  4 uncursed scrolls of teleportation
  a cursed scroll of teleportation
  a blessed spellbook of fireball
  an uncursed spellbook of light
  a cursed spellbook of light
  an uncursed potion of paralysis
  2 potions of holy water named blessed
  an uncursed ring of invisibility
  an uncursed ring of polymorph control
  an uncursed ring of protection from shape changers
  an uncursed ring of sustain ability
  a wand of create monster (0:3)
  a wand of light (0:5)
  a wand of lightning (0:6)
  a wand of lightning (0:2)
  a wand of secret door detection (0:15)
  a cursed wand of slow monster (0:8)
  a wand of wishing (0:0)
  a +0 pick-axe
  a tinning kit (0:91)
  4 uncursed worthless pieces of violet glass
  3 uncursed worthless pieces of white glass
  4 uncursed worthless pieces of yellow glass

Eesui the Rogue's attributes:

Background:
 You were a Pilferer, a level 11 male human Rogue.
 You were chaotic, on a mission for Kos
 who was opposed by Issek (lawful) and Mog (neutral).
 You were right-handed.
 You were in the Dungeons of Doom, on level 19.
 You entered the dungeon 22121 turns ago.
 You had 13016 experience points, 6984 more were needed to attain level 12.

Basics:
 You had 0 out of 89 hit points.
 You had all 46 energy points (spell power).
 Your armor class was -1.
 Your wallet was empty, but
 you had 848 zorkmids stashed away in your pack.
 Autopickup was on for '$?!/=+"' plus thrown.

Final Characteristics:
 Your strength was 13 (limit:18/100).
 Your dexterity was 17 (peak:18, limit:18).
 Your constitution was 17 (limit:18).
 Your intelligence was 10 (limit:18).
 Your wisdom was 13 (limit:18).
 Your charisma was 10 (limit:18).

Final Status:
 You were deliberately blind.
 You were satiated.
 You were unencumbered.
 You were bare handed.
 You were unskilled in bare handed combat.

Final Attributes:
 You were the Glory of Arioch.
 You were piously aligned.
 You were fire resistant.
 You were cold resistant.
 You were sleep resistant.
 You were shock resistant.
 You were poison resistant.
 You would have seen invisible when not blind.
 You were telepathic.
 You had automatic searching.
 You were stealthy.
 You were fast.
 You had reflection.
 You had free action.
 You were extremely lucky.
 You had extra luck.
 Bad luck did not time out for you.
 Good luck did not time out for you.
 You are dead.

Miscellaneous:
 You disabled loading and storing of bones levels.
 Total elapsed playing time was 3 hours, 11 minutes and 57 seconds.

Major events:
 Turn
    1: Eesui the chaotic male human Rogue entered the dungeon
  621: attained the rank of Cutpurse (level 3)
 1521: entered the Gnomish Mines
 2362: made his first wish - "blessed fixed +2 silver dragon scale mail", got "a silver dragon scale mail"
 2636: attained the rank of Rogue (level 6)
 3507: reached Mine Town
11849: chose a runed broadsword to be named "Orcrist"
11886: chose an elven dagger to be named "Sting"
12443: attained the rank of Pilferer (level 10)
16138: was bestowed with Werebane by Kos
16398: entered Sokoban
16557: completed 1st Sokoban level
16885: completed 2nd Sokoban level
17119: completed 3rd Sokoban level
17545: completed 4th Sokoban level
17775: acquired the Sokoban amulet of reflection
19492: was chosen to steal souls for the Glory of Kos
19492: was bestowed with Stormbringer
22121: killed by a lieutenant, while dressing up

You didn't know any spells.

Skills:
 Fighting Skills
   bare handed combat [Unskilled]
   two weapon combat  [Skilled]
   riding             [Unskilled]
 Weapon Skills
   dagger             [Expert]
   knife              [Unskilled]
   short sword        [Basic]
   broadsword         [Basic]
   long sword         [Unskilled]
   two-handed sword   [Unskilled]
   saber              [Basic]
   club               [Unskilled]
   mace               [Unskilled]
   morning star       [Unskilled]
   flail              [Unskilled]
   hammer             [Unskilled]
   polearms           [Unskilled]
   spear              [Unskilled]
   crossbow           [Unskilled]
   dart               [Unskilled]
   shuriken           [Unskilled]
 Spellcasting Skills
   divination spells  [Unskilled]
   escape spells      [Unskilled]
   matter spells      [Unskilled]

Voluntary challenges:
 Character rerolling was not enabled.
 You never genocided any monsters.
 You never polymorphed an object.
 You never changed form.
 You used 1 wish (for an artifact).
 You did not violate any of the special Sokoban rules.
Achievements:
 You attained the rank of Cutpurse.
 You entered a shop.
 You entered the Gnomish Mines.
 You attained the rank of Rogue.
 You entered Minetown.
 You attained the rank of Pilferer.
 You entered Sokoban.
 You completed Sokoban.

 The Dungeons of Doom: levels 1 to 19
    Level 1:
    Level 2:
       A general store.
    Level 3:
    Level 4:
       Stairs down to The Gnomish Mines.
    Level 5: "vault"
       Some fountains.
    Level 6: "pois res"
    Level 7: "stash"
       A general store, a grave.
    Level 8:
       Some fountains.
       Oracle of Delphi.
    Level 9:
       A fountain.
       Stairs up to Sokoban, level 8.
    Level 10:
    Level 11:
    Level 12:
       A throne.
    Level 13:
    Level 14:
    Level 15:
       A primitive area.
       Summoned by the Master of Thieves.
    Level 16: "crown"
       An altar to Kos, many graves.
    Level 17:
       A fountain.
    Level 18:
       A fountain.
    Level 19: <- You were here.
       Final resting place for
          you, killed by a lieutenant, while dressing up.
 The Gnomish Mines: levels 5 to 12
    Level 5:
    Level 6:
    Level 7:
    Level 8:
       An altar to Kos, some fountains.
    Level 9:
    Level 10:
    Level 11:
    Level 12:
       Some fountains.
 Sokoban: levels 8 up to 5
    Level 5: "cold res"
       Solved.
    Level 6:
       Solved.
    Level 7:
       Solved.
    Level 8:
       Solved.


Vanquished creatures:
  2 vampire leaders
 an Aleax
  2 ettins
  2 vampires
  9 ghosts
  2 queen bees
  a winged gargoyle
  4 giant mimics
  4 fire giants
  a rock troll
  a large mimic
  2 stalkers
  2 fire elementals
  2 giant mummies
  a giant zombie
  2 elf-nobles
  a sergeant
  3 water demons
  4 wargs
 12 small mimics
  2 xans
  2 ettin mummies
  a quantum mechanic
  a gelatinous cube
  3 large dogs
  a freezing sphere
  4 flaming spheres
  a shocking sphere
  a tiger
  3 gargoyles
  2 dwarf rulers
  2 tengu
  a stone giant
 an elf mummy
  a human mummy
  a pit viper
  a cobra
  4 wraiths
  3 carnivorous apes
  4 ettin zombies
  a leather golem
  a soldier
 an amorous demon
  2 chameleons
  2 giant beetles
  4 quivering blobs
  2 cockatrices
  4 wolves
  4 winter wolf cubs
  a lynx
  a panther
  2 leprechauns
  8 orc-captains
  4 iron piercers
  a mumak
  3 giant spiders
  2 scorpions
 an ice vortex
  3 black lights
  a vampire bat
  3 gnome rulers
 an orc mummy
  2 dwarf mummies
  2 ogres
  5 brown puddings
  4 rust monsters
  a gold golem
  a werewolf
  a Green-elf
  5 lizards
  a dingo
  5 jaguars
  2 dwarf leaders
  3 blue jellies
  2 white unicorns
  a gray unicorn
  3 dust vortices
  3 ravens
  a plains centaur
  2 gnome mummies
  2 snakes
 an ape
  4 human zombies
  3 rope golems
  a Woodland-elf
  7 soldier ants
  2 bugbears
 an imp
  3 wood nymphs
  2 mountain nymphs
  6 Mordor orcs
  8 Uruk-hai
  7 orc shamans
  7 rock piercers
  5 rock moles
  a pony
  2 fog clouds
  5 yellow lights
  a shrieker
  3 violet fungi
  9 gnome leaders
  3 gnomish wizards
  2 guardian naga hatchlings
  8 elf zombies
  a ghoul
  a straw golem
 18 giant ants
  a little dog
 11 floating eyes
  2 kittens
 20 dwarves
  4 kobold leaders
  2 kobold shamans
 34 hill orcs
  9 rothes
  a rabid rat
  2 centipedes
  3 giant bats
  3 monkeys
  9 orc zombies
  8 dwarf zombies
  2 werejackals
  6 iguanas
 24 killer bees
  2 acid blobs
 14 coyotes
  2 gas spores
  4 hobbits
  a manes
  3 large kobolds
  3 hobgoblins
  3 orcs
  3 giant rats
  8 cave spiders
  3 yellow molds
  a green mold
  4 red molds
 60 gnomes
 41 garter snakes
  9 gnome zombies
  9 geckos
 12 jackals
  3 foxes
  2 kobolds
  8 goblins
  4 sewer rats
 14 grid bugs
  2 bats
  9 lichens
  6 kobold zombies
  9 newts
686 creatures vanquished.

No species were genocided or became extinct.

Game over:
                       ----------
                      /          \
                     /    REST    \
                    /      IN      \
                   /     PEACE      \
                  /                  \
                  |      Eesui       |
                  |      848 Au      |
                  |   killed by a    |
                  |    lieutenant    |
                  |                  |
                  |                  |
                  |       2026       |
                 *|     *  *  *      | *
        _________)/\\_//(\/(/\)/\//\/|_)_______

Goodbye Eesui the Rogue...

You died in The Dungeons of Doom on dungeon level 19 with 88556 points,
and 848 pieces of gold, after 22121 moves.
You were level 11 with a maximum of 89 hit points when you died.

